 Crawl Stoat Soup version 0.23-ish-327-95-g181beea39d (console) character file.

81 hilarita the Cudgeler (level 4, -1/45 HPs)
             Began as an Ogre Gladiator on Apr 16, 2024.
             Slain by a goblin
             ... wielding a +0 dagger
             ... led by Robin
              (2 damage)
             ... on level 2 of the Dungeon.
             The game lasted 00:03:04 (1326 turns).

hilarita the Cudgeler (Ogre Gladiator)              Turns: 1326, Time: 00:03:05

Health: -1/45      AC:  5    Str: 19    XL:     4   Next: 42%
Magic:  4/4        EV: 10    Int:  9    God:
Gold:   99         SH:  0    Dex: 10    Spells: 3/3 levels left

rFire    . . .     SeeInvis .   a - +0 flail
rCold    . . .     Gourm    .   (no shield)
rNeg     . . .     Faith    .   b - +0 robe
rPois    .         Spirit   .   c - +2 hat
rElec    .         Warding  .   (no cloak)
rCorr    .         Reflect  .   (gloves unavailable)
MR       .....     Harm     .   (boots unavailable)
Stlth    +.........             (no amulet)
HPRegen  0.15/turn              (no ring)
MPRegen  0.09/turn              (no ring)

@: no status effects
A: large, unfitting armour, tough skin 1
a: no special abilities


You were on level 2 of the Dungeon.
You were not hungry.

You visited 1 branch of the dungeon, and saw 2 of its levels.

You collected 99 gold pieces.

Inventory:

Hand Weapons
 a - a +0 flail (weapon)
Missiles
 d - 2 throwing nets (quivered)
Armour
 b - a +0 robe (worn)
 c - a +2 hat (worn)
Scrolls
 k - a scroll of teleportation
Potions
 e - a potion of resistance {unknown}
 g - a potion of brilliance {unknown}
 i - a potion of curing
 j - a potion of ambrosia {unknown}
 l - a potion of heal wounds {unknown}
Comestibles
 f - 2 bread rations
 h - 4 chunks of flesh


   Skills:
 + Level 3.5 Fighting
 * Level 4.3 Maces & Flails
 + Level 2.6 Throwing
 + Level 3.1 Dodging


You had 3 spell levels left.
You didn't know any spells.
Your spell library was empty.

Dungeon Overview and Level Annotations

Branches:
Dungeon (2/15)

Altars:


Innate Abilities, Weirdness & Mutations

You are too large for most types of armour.
You have tough skin. (AC +1)


Message History

You hit the goblin.
The goblin is severely wounded.
The goblin hits you with a club.
* * * LOW HITPOINT WARNING * * *
You closely miss the goblin.
The goblin is severely wounded.
The goblin closely misses you.
You closely miss the goblin.
The goblin is severely wounded.
The goblin hits you with a club.
* * * LOW HITPOINT WARNING * * *
You thump the goblin!
You kill the goblin!
The hobgoblin barely misses you.
You sock the hobgoblin!
You kill the hobgoblin!
You closely miss the goblin. The goblin hits you with a dagger.
* * * LOW HITPOINT WARNING * * *
You barely miss the goblin. The goblin hits you with a dagger.
You die...

. .# .. ### #### #.##
...# ...% ... ... ..
...gg #.# ..#
....gg##.##..### #####
..g.gg'......... .....
...g.g##.....#########
##########....>.....####
#......@gg.###......[...
#.########.# .........
#.##.### #.# ........
#.##.#.. #.. ........
#.##.#.# #.## ###.....
#.##.#.# ... ######
#.##.#.# #.# ###....#
#.##.#.# #.# ##......'
#.##.#.######.
##...)...#
#)รท...........
##.....####
####.#.##########....###


You could see 2 goblins.

Vanquished Creatures
  Terence (D:2)
  Robin (D:2)
  An ooze (D:2)
  3 dart slugs
  A giant cockroach (D:1)
  9 goblins
  7 hobgoblins
  2 ball pythons (D:1)
  3 bats
  A frilled lizard (D:1)
  3 kobolds
  3 rats
35 creatures vanquished.

Notes
Turn   | Place    | Note
-------+----------+-------------------------------------------
     0 | D:1      | hilarita the Ogre Gladiator began the quest for the Orb.
     0 | D:1      | Reached XP level 1. HP: 22/22 MP: 1/1
   137 | D:1      | Reached XP level 2. HP: 22/29 MP: 2/2
   930 | D:2      | Reached XP level 3. HP: 35/37 MP: 3/3
  1100 | D:2      | Noticed Terence
  1109 | D:2      | Killed Terence
  1109 | D:2      | Reached skill level 4 in Maces & Flails
  1167 | D:2      | Reached XP level 4. HP: 40/45 MP: 4/4
  1288 | D:2      | Noticed Robin
  1303 | D:2      | Killed Robin
  1322 | D:2      | HP: 3/45 [goblin/club[Robin] (3)]
  1325 | D:2      | HP: 1/45 [goblin/dagger[Robin] (3)]
  1326 | D:2      | Slain by a goblin

Vault maps used:
D:1:      dpeg_arrival_lava_temple_mockup
D:2:      lightli_corner_chamber, uniq_terence, uniq_robin

Skill      XL: |  1  2  3 |
---------------+----------+-----
Fighting       | 3 |  3.5
Dodging        | 3 |  3.1
Maces & Flails | 4 |  4.3
Throwing       | |  2.6

Action                   |  1- 3 |  4- 6 || total
-------------------------+-------+-------++-------
Melee: Flail             |    72 |    35 ||   107
Throw: Throwing net      |     2 |     1 ||     3
  Use: Scroll            |     4 |     1 ||     5
  Eat: Chunk             |     1 |       ||     1
Armor: Robe              |    34 |     3 ||    37
Dodge: Dodged            |    51 |    15 ||    66

Table legend:
 A = Spawn XP
 B = Non-spawn XP
 C = Spawn XP percentage of total XP
 D = Spawn monster count
 E = Non-spawn monster count
 F = Spawn count percentage of total count
 G = Total turns spent on level
                    A         B        C        D         E        F      G
               +---------+---------+-------+---------+---------+-------+---------
         Total |       6 |     111 |   5.1 |       4 |      31 |  11.4 |  1326
               +---------+---------+-------+---------+---------+-------+---------
           D:1 |       4 |      28 |  12.5 |       3 |      15 |  16.7 |   907
           D:2 |       2 |      83 |   2.4 |       1 |      16 |   5.9 |   419
               +---------+---------+-------+---------+---------+-------+---------
